 Dungeon Crawl Stone Soup version 0.27.0-1-g7a089689b8 (webtiles) character file.

Game seed: 4165524682166325807

5489 Golzeb the Cleaver (level 10, -6/78 HPs)
             Began as a Minotaur Fighter on Aug 6, 2021.
             Was an Elder of Okawaru.
             Killed from afar by Erica (27 damage)
             ... with a bolt of poison
             ... on level 8 of the Dungeon on Aug 9, 2021.
             The game lasted 00:36:37 (10969 turns).

Golzeb the Cleaver (Minotaur Fighter)              Turns: 10969, Time: 00:36:37

Health: -6/78      AC:  9    Str: 23    XL:     10   Next: 42%
Magic:  9/9        EV:  9    Int: 11    God:    Okawaru [****..]
Gold:   511        SH:  0    Dex: 11    Spells: 9/9 levels left

rFire    . . .     SeeInvis .   p - +5 hand axe (vorpal)
rCold    . . .     Faith    .   c - +0 kite shield
rNeg     . . .     Spirit   .   b - +1 scale mail
rPois    .         Reflect  .   (helmet restricted)
rElec    .         Harm     .   (no cloak)
rCorr    .         Rampage  .   (no gloves)
Will     .....                  m - +0 pair of boots
Stlth    ..........             l - amulet of regeneration
HPRegen  1.23/turn              n - +6 ring of intelligence
MPRegen  0.11/turn              (no ring)

@: confused, lethally poisoned (-6 -> -23)
A: horns 2, retaliatory headbutt
a: Renounce Religion, Heroism


You were on level 8 of the Dungeon.
You worshipped Okawaru.
Okawaru was greatly pleased with you.
You visited 1 branch of the dungeon, and saw 8 of its levels.
You also visited: Sewer and Ossuary.

You collected 511 gold pieces.

Inventory:

Hand Weapons
 p - a +5 vorpal hand axe (weapon)
Missiles
 J - 11 poisoned darts (quivered)
Armour
 b - a +1 scale mail (worn)
 c - a +0 kite shield (worn)
 m - a +0 pair of boots (worn)
 q - a +0 crystal plate armour
Jewellery
 l - an amulet of regeneration (around neck)
 n - a +6 ring of intelligence (left hand)
 s - a ring of fire
 v - a ring of ice
Wands
 r - a wand of polymorph (15)
 D - a wand of iceblast (7)
 E - a wand of paralysis (6)
 I - a wand of acid (3)
Scrolls
 a - 4 scrolls of teleportation
 j - 2 scrolls of enchant weapon
 o - 4 scrolls of magic mapping
 t - a scroll of amnesia {unknown}
 u - a scroll of brand weapon {unknown}
 w - a scroll of fear {unknown}
 x - a scroll of noise {unknown}
 y - 2 scrolls of enchant armour
 A - a scroll of blinking
 C - a scroll of acquirement {unknown}
 F - a scroll of silence {unknown}
 H - a scroll of identify
Potions
 d - 2 potions of might
 e - 3 potions of heal wounds
 f - 3 potions of lignification
 g - 2 potions of brilliance
 h - 3 potions of curing
 i - 2 potions of haste {unknown}
 k - a potion of magic {unknown}
 z - a potion of degeneration {unknown}
 B - a potion of invisibility {unknown}
 G - a potion of attraction {unknown}


   Skills:
 - Level 3.8 Fighting
 * Level 14.5 Axes
 - Level 3.8 Armour
 + Level 11.2 Shields


You had 9 spell levels left.
You didn't know any spells.
Your spell library contained the following spells:

 Spells                   Type           Power      Damage    Failure   Level
 Foxfire                  Conj/Fire      0%         2x1d4     82%         1
 Magic Dart               Conj           0%         1d3       82%         1
 Call Imp                 Summ           0%         N/A       91%         2
 Slow                     Hex            0%         N/A       91%         2
 Confusing Touch          Hex            0%         N/A       99%         3
 Conjure Flame            Conj/Fire      0%         6-21      99%         3
 Frozen Ramparts          Ice            0%         1d2       99%         3
 Ignite Poison            Fire/Tmut/Pois 0%         N/A       99%         3
 Inner Flame              Hex/Fire       0%         N/A       99%         3
 Mephitic Cloud           Conj/Pois/Air  0%         N/A       99%         3
 Summon Guardian Golem    Hex/Summ       0%         N/A       99%         3
 Vampiric Draining        Necr           0%         2d6       99%         3
 Ice Form                 Ice/Tmut       0%         N/A       100%        4
 Petrify                  Tmut/Erth      0%         N/A       100%        4
 Sticky Flame             Conj/Fire      0%         2d3       100%        4
 Summon Ice Beast         Ice/Summ       0%         N/A       100%        4
 Metabolic Englaciation   Hex/Ice        0%         N/A       100%        5
 Summon Forest            Summ/Tloc      0%         N/A       100%        5
 Summon Mana Viper        Hex/Summ       0%         N/A       100%        5
 Shadow Creatures         Summ           N/A        N/A       100%        6
 Statue Form              Tmut/Erth      0%         N/A       100%        6
 Orb of Destruction       Conj           0%         N/A       100%        7
 Spellforged Servitor     Conj/Summ      0%         N/A       100%        7


Dungeon Overview and Level Annotations

Branches:
Dungeon (8/15)             Temple (0/1) D:4            Lair (0/6) D:8
  Sewer (visited)         Ossuary (visited)

Altars:
Kikubaaqudgha
Makhleb
Nemelex Xobeh
Okawaru

Shops:
D:2 !

Annotations:
D:8 Erica


Innate Abilities, Weirdness & Mutations

You have a pair of horns on your head.
You reflexively headbutt those who attack you in melee.


Message History

Something burns you.
You slash something! Something hits you but does no damage.
You hit something. Your headbutt misses something.
You completely miss something. Something hits you! Something burns you.
You closely miss something. Your headbutt misses something.
You closely miss something. Your headbutt misses something. Something hits you!
Something burns you.
You miss something.
You hear some strange, mumbled words.
You are confused.
Something hits you. Something burns you.
You're too confused to move!
Something hits you! Something burns you.
You hear some strange, mumbled words.
You are more confused.
You nearly stumble into some deep water!
You slash something! Something hits you! Something burns you.
* * * LOW HITPOINT WARNING * * *
You nearly stumble into some deep water!
You hear some strange, mumbled words.
Something tries to affect you, but you resist.
Something hits you.
* * * LOW HITPOINT WARNING * * *
Something burns you.
* * * LOW HITPOINT WARNING * * *
You feel much better.
You hear some strange, mumbled words.
A bolt of poison appears from out of thin air!
The bolt of poison hits you!
You are poisoned.
You closely miss something.
You feel very sick.
You hear some strange, mumbled words.
A bolt of poison appears from out of thin air!
The bolt of poison misses you.
You feel very sick.
You hear some strange, mumbled words.
A bolt of poison appears from out of thin air!
The bolt of poison hits you!!
You are more poisoned.
You die...

...##### ##
........### .......#
##.. #######...#
.......# ....
...≈...#..# .......#
......#...#....##
####...#
...##...##....##
#...# #.........#...#
#...#
#≈...>...≈#...##
#...#
#.........#.#..##
####...#
.....##@..##...##..##
.....).#
......#.{.#....###..#
.......# .
#...≈...#..# ##.##
.......#
....#######...# #..##
#####'## #.. #####
##..## ..#...# ##
##..# .....### #..#
.......### ##..
.........### ##.


There were no monsters in sight!

Vanquished Creatures
  Joseph (D:8)
  A gargoyle (D:8)
  An unseen horror (D:7)
  Prince Ribbit (D:5)
  Grinder (D:3)
  A wyvern (D:4)
  A steam dragon (D:8)
  Menkaure (Ossuary)
  4 water moccasins
  Purgy (Sewer)
  2 black bears
  2 sky beasts
  2 necrophages
  A centaur (D:6)
  4 ogres
  2 kobold brigands
  5 bullfrogs
  3 scorpions
  2 water moccasin skeletons (D:5)
  6 wights
  A howler monkey (D:5)
  A bullfrog zombie (D:6)
  An orc priest (D:6)
  6 centaur zombies
  A hound (D:6)
  2 gnoll shamans
  A centaur skeleton (D:7)
  3 iron imps (D:4)
  4 jellies
  Terence (D:3)
  4 iguanas
  4 orc wizards
  A killer bee zombie (D:7)
  An ogre zombie (Ossuary)
  2 hound skeletons (D:4)
  6 mummies (Ossuary)
  12 gnolls
  A river rat (D:3)
  6 adders
  A howler monkey skeleton (D:7)
  2 shadow imps
  2 ufetubi
  An adder zombie (Ossuary)
  An adder skeleton (D:4)
  3 dart slugs
  28 orcs
  3 bats
  4 endoplasms
  3 giant cockroaches
  A gnoll zombie (Ossuary)
  8 hobgoblins
  13 jackals
  3 quokkas
  7 ball pythons
  4 frilled lizards
  7 goblins
  4 goblin zombies (Ossuary)
  3 hobgoblin zombies (Ossuary)
  10 kobolds
  5 kobold zombies (Ossuary)
  5 quokka zombies (Ossuary)
  9 rats
  6 rat zombies (Ossuary)
233 creatures vanquished.

Vanquished Creatures (others)
  9 fungi
  9 plants
18 creatures vanquished.

Grand Total: 251 creatures vanquished

Notes
Turn   | Place    | Note
-------+----------+-------------------------------------------
     0 | D:1      | Golzeb the Minotaur Fighter began the quest for the Orb.
     0 | D:1      | Reached XP level 1. HP: 19/19 MP: 0/0
    26 | D:1      | Reached XP level 2. HP: 18/27 MP: 1/1
   152 | D:1      | Reached skill level 3 in Axes
   362 | D:1      | Reached XP level 3. HP: 33/33 MP: 2/2
   858 | D:2      | Reached skill level 4 in Axes
   970 | D:2      | Reached XP level 4. HP: 16/40 MP: 3/3
  1308 | D:2      | Found Rar Equrch's Distillery.
  2178 | D:3      | Found an iron altar of Okawaru.
  2242 | D:3      | Became a worshipper of Warmaster Okawaru
  2292 | D:3      | Found a glowing drain.
  2434 | Sewer    | Entered a sewer
  2441 | Sewer    | Noticed Purgy
  2456 | Sewer    | HP: 2/40 [Purgy (1)]
  2457 | Sewer    | Killed Purgy
  2458 | Sewer    | Reached skill level 5 in Axes
  2458 | Sewer    | Reached skill level 5 in Shields
  2458 | Sewer    | Reached XP level 5. HP: 3/46 MP: 4/4
  2863 | Sewer    | Reached skill level 6 in Axes
  2863 | Sewer    | Reached XP level 6. HP: 39/52 MP: 5/5
  3139 | D:3      | Noticed Terence
  3153 | D:3      | Killed Terence
  3484 | D:3      | Found a sparkling altar of Nemelex Xobeh.
  3539 | D:3      | Found a faded altar of an unknown god.
  3620 | D:3      | Noticed Grinder
  3639 | D:3      | Killed Grinder
  3639 | D:3      | Reached * piety under Okawaru
  3640 | D:3      | Reached skill level 7 in Axes
  3996 | D:4      | Reached XP level 7. HP: 52/58 MP: 6/6
  4129 | D:4      | Found a burning altar of Makhleb.
  4293 | D:4      | Reached skill level 8 in Axes
  4549 | D:4      | Found a staircase to the Ecumenical Temple.
  4845 | D:5      | Entered Level 5 of the Dungeon
  4853 | D:5      | Noticed a wyvern
  4860 | D:4      | Killed a wyvern
  4861 | D:4      | Reached skill level 9 in Axes
  4989 | D:4      | Reached ** piety under Okawaru
  4990 | D:4      | Reached XP level 8. HP: 48/66 MP: 7/7
  5449 | D:5      | Reached skill level 10 in Axes
  5706 | D:5      | Noticed Prince Ribbit
  5712 | D:5      | Killed Prince Ribbit
  6133 | D:5      | Reached skill level 11 in Axes
  6448 | D:5      | Reached *** piety under Okawaru
  6781 | D:5      | Reached XP level 9. HP: 71/71 MP: 5/8
  7468 | D:6      | Reached skill level 12 in Axes
  8407 | D:7      | Killed an unseen horror
  8484 | D:7      | Reached skill level 10 in Shields
  8504 | D:7      | Reached **** piety under Okawaru
  8505 | D:7      | Reached skill level 13 in Axes
  8517 | D:7      | Found an ancient bone altar of Kikubaaqudgha.
  8753 | D:7      | Found a sand-covered staircase.
  8821 | Ossuary  | Entered an ossuary
  9276 | Ossuary  | Noticed Menkaure
  9291 | Ossuary  | Reached XP level 10. HP: 54/78 MP: 9/9
  9292 | Ossuary  | Killed Menkaure
 10057 | D:8      | Noticed Joseph
 10080 | D:8      | Killed Joseph
 10081 | D:8      | Reached skill level 14 in Axes
 10507 | D:8      | Noticed a gargoyle
 10525 | D:8      | Killed a gargoyle
 10645 | D:8      | Identified the +7 arbalest of Unreason {flame, rF+}
 10824 | D:8      | Found a staircase to the Lair.
 10942 | D:8      | Noticed Erica
 10969 | D:8      | Killed from afar by Erica

Illustrated notes

Levels and vault maps discovered:
D:1:      zelgadis_glass_arrival_small, layout_rooms
D:2:      cheibrodos_old_hovel, layout_basic, serial_shops, shop
D:3:      layout_basic, nemelex_spade_bored_becter,
          mainiacjoe_overflow_alcove_4, portal_sewer_entry_a,
          dreamdust_ecumenical_altar_angels_and_demons, amethyst_killhole,
          corner_web_ring, due_unseen_surprise, uniq_grinder, uniq_terence
D:4:      layout_basic, demons_altar, minmay_temple_entry_arrows,
          glass_columns_a, minmay_misc_feat_room
D:5:      layout_layer_cave, grunt_decor_cap, uniq_prince_ribbit1
D:6:      layout_loops_ring
D:7:      layout_basic, amcnicky_altar_gilded, nicolae_ossuary_entry_ruins
D:8:      kennysheep_blocky_hall, layout_cave_pods,
          nicolae_hepliaklqana_hippocampus, dpeg_oklobed_lair, uniq_joseph,
          uniq_erica

Skill      XL: |  1  2  3  4  5  6  7  8  9 10 |
---------------+-------------------------------+-----
Axes           | 3 4 5 6 7 9 11 13 14 | 14.5
Shields        | 4 5 6 7 8 10 11 | 11.2
Fighting       | |  3.8
Armour         | |  3.8

Action                   |  1- 3 |  4- 6 |  7- 9 | 10-12 || total
-------------------------+-------+-------+-------+-------++-------
Melee: War axe           |    69 |    82 |       |       ||   151
       Headbutt          |    14 |     9 |    59 |    23 ||   105
       Hand axe          |       |    27 |   322 |   103 ||   452
Invok: Heroism           |       |       |     3 |     2 ||     5
  Use: Scroll            |       |     5 |     6 |     2 ||    13
       Potion            |       |     1 |     1 |     1 ||     3
Armor: Scale mail        |    34 |    59 |    83 |    25 ||   201
Dodge: Dodged            |    23 |    36 |    64 |    20 ||   143
Block: Kite shield       |    56 |    60 |   137 |    43 ||   296
